 Dungeon Crawl Stone Soup version 0.23-a0-32-g1388f29 (webtiles) character file.

861 inc the Firebug (level 7, -4/46 HPs)
             Began as a Mummy Fire Elementalist on Aug 4, 2018.
             Was an Initiate of Vehumet.
             Shot with an arrow by a centaur (13 damage)
             ... on level 5 of the Dungeon.
             The game lasted 00:14:26 (7605 turns).

inc the Firebug (Mummy Fire Elementalist)           Turns: 7605, Time: 00:14:27

Health: -4/46      AC:  2    Str: 12    XL:     7   Next: 71%
Magic:  11/11      EV: 12    Int: 16    God:    Vehumet [......]
Gold:   250        SH:  0    Dex: 12    Spells: 3/11 levels left

rFire    . . .     SeeInvis .   h - +2 dagger (venom)
rCold    + . .     Gourm    .   (no shield)
rNeg     + + +     Faith    .   a - +0 robe
rPois    ∞         Spirit   .   (no helmet)
rElec    .         Reflect  .   (no cloak)
rCorr    .         Harm     .   (no gloves)
MR       .....                  (no boots)
Stlth    ++........             (no amulet)
HPRegen  0.15/turn              b - ring of protection from fire
MPRegen  0.12/turn              (no ring)

@: no status effects
A: no food or potions, fire vulnerability, cold resistance 1, negative energy
resistance 3, torment resistance, unbreathing
a: Renounce Religion


You were on level 5 of the Dungeon.
You worshipped Vehumet.
Vehumet was noncommittal.
You were not hungry.

You visited 2 branches of the dungeon, and saw 6 of its levels.

You collected 250 gold pieces.

Inventory:

Hand Weapons
 c - a +0 whip
 d - a +0 spear
 h - a +2 dagger of venom (weapon)
Missiles
 l - 7 needles of paralysis
Armour
 a - a +0 robe (worn)
Jewellery
 b - a ring of protection from fire (left hand)
 j - an uncursed ring of ice
 k - an uncursed ring of ice
Wands
 i - a wand of scattershot (8)
Scrolls
 e - a scroll of enchant armour
 f - a scroll of immolation {unknown}
 g - 4 scrolls of identify
 m - 5 scrolls of magic mapping {unknown}
 n - a scroll of blinking {unknown}
 o - a scroll of remove curse {unknown}


   Skills:
 - Level 1.5 Dodging
 - Level 1.5 Stealth
 - Level 2.6 Spellcasting
 - Level 4.4 Conjurations
 + Level 6.3 Fire Magic


You had 3 spell levels left.
You knew the following spells:

 Your Spells              Type           Power        Failure   Level  Hunger
a - Flame Tongue          Conj/Fire      ###..        2%          1    N/A
b - Conjure Flame         Conj/Fire      ###.....     6%          3    N/A
c - Sticky Flame          Conj/Fire      ###.....     22%         4    N/A

Your spell library contained the following spells:

 Spells                   Type           Power        Failure   Level  Hunger
 Fireball                 Conj/Fire      ###.......   52%         5    N/A
 Throw Flame              Conj/Fire      ###...       3%          2    N/A
 Inner Flame              Hex/Fire       ##......     16%         3    N/A

Dungeon Overview and Level Annotations

Branches:
Dungeon (5/15)             Temple (1/1) D:5

Altars:
Cheibriados
Dithmenos
Elyvilon
Fedhas
Gozag
Hepliaklqana
Kikubaaqudgha
Makhleb
Nemelex Xobeh
Qazlal
Ru
Trog
Vehumet
Wu Jian
Xom
Zin
Lugonu

Shops:
D:5 %

Annotations:
D:4 Pikel


Innate Abilities, Weirdness & Mutations

You do not eat or drink.
Your flesh is vulnerable to fire.
You are immune to poison.
Your flesh is cold resistant. (rC+)
You are immune to negative energy. (rN+++)
You are immune to unholy pain and torment.
You can survive without breathing.


Message History

You can't see any susceptible monsters within range! (Use Z to cast anyway.)
You start resting.
Magic restored.
Things that are here:
a giant spiked club; an ogre corpse You open the door.
There is an open door here.
Found a ration.
A centaur comes into view.
The centaur shouts!
The centaur wields a shortbow.
The centaur shoots an arrow.
The arrow hits you!
Found 9 gold pieces.
You see here an arrow.
The centaur shoots an arrow.
The arrow hits you!
You see here an arrow.
The centaur shoots an arrow.
The arrow hits you!
* * * LOW HITPOINT WARNING * * *
You see here an arrow.
The centaur shoots an arrow.
The arrow hits you!
You die...

#............#
#........c...#
#............#
#.......(....#
#............#
####
#.......(....#
#...
########.....#
#...
.......#.....#
#...
.......#@....#
#... ##
#.....'.)...#
#...
...#+#####.....#
#...
...............#
#...
...............+
#...
...............#
#...
...............#
#...
###.......###+##
... #...
#.......#...#
.... #...


You could see a centaur.

Vanquished Creatures
  Sigmund (D:2)
  An orc warrior (D:5)
  A slave (D:3)
  An ogre (D:5)
  2 scorpions
  A howler monkey (D:5)
  A hound (D:4)
  An orc wizard (D:3)
  Natasha (D:2)
  2 worker ants
  A howler monkey zombie (D:5)
  3 gnolls (D:3)
  A howler monkey skeleton (D:5)
  8 adders
  2 oozes
  An adder skeleton (D:5)
  4 worms
  2 dart slugs
  4 leopard geckos
  14 orcs
  3 ball pythons
  6 giant cockroaches
  6 goblins
  5 hobgoblins
  6 jackals
  3 quokkas (D:2)
  5 bats
  5 frilled lizards
  9 kobolds
  11 rats
111 creatures vanquished.

Notes
Turn   | Place    | Note
-------+----------+-------------------------------------------
     0 | D:1      | inc the Mummy Fire Elementalist began the quest for the Orb.
     0 | D:1      | Reached XP level 1. HP: 13/13 MP: 4/4
    90 | D:1      | Reached skill level 1 in Conjurations
   295 | D:1      | Reached XP level 2. HP: 15/19 MP: 1/5
  1903 | D:2      | Reached XP level 3. HP: 24/24 MP: 5/7
  2628 | D:2      | Reached XP level 4. HP: 28/30 MP: 3/8
  2888 | D:2      | Noticed Sigmund
  2927 | D:2      | Noticed Natasha
  2971 | D:2      | Killed Natasha
  3413 | D:4      | Reached XP level 5. HP: 16/35 MP: 0/9
  3666 | D:4      | Learned a level 3 spell: Conjure Flame
  3671 | D:4      | Learned a level 4 spell: Sticky Flame
  3687 | D:4      | Found an ornate altar of the Wu Jian Council.
  4172 | D:3      | Reached skill level 3 in Fire Magic
  4639 | D:3      | Found a glowing silver altar of Zin.
  4646 | D:3      | Reached XP level 6. HP: 39/41 MP: 6/10
  5106 | D:3      | Found an opulent altar of Gozag.
  5124 | D:4      | Found a bloodstained altar of Trog.
  5125 | D:4      | Found a sparkling altar of Nemelex Xobeh.
  5137 | D:4      | HP: 2/41 [orc/short sword (4)]
  5565 | D:4      | Noticed a slave
  5566 | D:4      | Noticed a slave
  5566 | D:4      | Noticed a slave
  5566 | D:4      | Noticed a slave
  5567 | D:4      | Noticed Pikel
  5807 | D:3      | HP: 2/41 [slave[Pikel] (7)]
  5905 | D:3      | Killed a slave
  6247 | D:2      | Killed Sigmund
  6247 | D:2      | Reached skill level 4 in Fire Magic
  6598 | D:4      | Reached XP level 7. HP: 38/46 MP: 5/11
  6748 | D:5      | Entered Level 5 of the Dungeon
  6794 | D:5      | Reached skill level 5 in Fire Magic
  6838 | D:5      | Found Korim's Food Emporium.
  7204 | D:5      | Found a staircase to the Ecumenical Temple.
  7218 | Temple   | Entered the Ecumenical Temple
  7338 | Temple   | Became a worshipper of Vehumet
  7471 | D:5      | Reached skill level 6 in Fire Magic
  7605 | D:5      | Shot with an arrow by a centaur

Vault maps used:
D:1:      eino_arrival_tree_alley, minmay_misc_feat_enclosed,
          serial_bayou_lake_a
D:2:      uniq_sigmund, uniq_natasha
D:3:      nicolae_overflow_crystal_walls, overflow_temple_1_default
D:4:      bloody_trog, lemuel_crystal_altar, lemuel_doored_altar, first_ration,
          serial_co_window_serial, co_window_of_opportunity_a,
          co_window_corner_a, co_window_corner_a, co_window_of_opportunity_a,
          co_window_corner_a, co_window_broadway_a, co_window_corner_b,
          co_window_corner_b, co_window_of_opportunity_b, co_window_corner_b,
          co_window_unsneaky_path_b, glass_columns_b, glass_columns_c,
          glass_columns_b, glass_columns_a, glass_columns_b, uniq_pikel
D:5:      lemuel_coloured_pillars_altar, minmay_temple_entry_grid, serial_shops,
          shop
Temple:   kb_corrupted_temple

Skill      XL: |  1  2  3  4  5  6  7 |
---------------+----------------------+-----
Conjurations   | 1 2 3 4 |  4.4
Fire Magic     | 3 4 6 |  6.3
Dodging        | |  1.5
Stealth        | |  1.5
Spellcasting   | |  2.6

Action                   |  1- 3 |  4- 6 |  7- 9 || total
-------------------------+-------+-------+-------++-------
Melee: Spear             |    22 |    13 |       ||    35
       Dagger            |       |     1 |       ||     1
 Cast: Flame Tongue      |    83 |   172 |    37 ||   292
       Sticky Flame      |       |     3 |     3 ||     6
       Conjure Flame     |       |     1 |       ||     1
  Use: Scroll            |       |     3 |       ||     3
Armor: Robe              |     7 |    18 |       ||    25
Dodge: Dodged            |    37 |    96 |     7 ||   140

Table legend:
 A = Spawn XP
 B = Non-spawn XP
 C = Spawn XP percentage of total XP
 D = Spawn monster count
 E = Non-spawn monster count
 F = Spawn count percentage of total count
 G = Total turns spent on level
                    A         B        C        D         E        F      G
               +---------+---------+-------+---------+---------+-------+---------
         Total |       0 |    1231 |   0.0 |       0 |     110 |   0.0 |  7605
               +---------+---------+-------+---------+---------+-------+---------
           D:1 |       0 |      30 |   0.0 |       0 |      14 |   0.0 |  1614
           D:2 |       0 |     369 |   0.0 |       0 |      38 |   0.0 |  2116
           D:3 |       0 |     196 |   0.0 |       0 |      36 |   0.0 |  1429
           D:4 |       0 |     157 |   0.0 |       0 |      10 |   0.0 |  1589
           D:5 |       0 |     479 |   0.0 |       0 |      12 |   0.0 |   723
               +---------+---------+-------+---------+---------+-------+---------
